 Dungeon Crawl Stone Soup version 0.31-a0-986-g5e6e4ef867 (webtiles) character file.

Game seed: 11525386185541669707

91 LeprechaunX the Changeling (level 4, 0/43 HPs)
             Began as an Octopode Shapeshifter on Nov 23, 2023.
             Slain by Grinder (8 damage)
             ... on level 3 of the Dungeon.
             The game lasted 00:02:15 (1340 turns).

LeprechaunX the Changeling (Octopode Shapeshifter)  Turns: 1340, Time: 00:02:16

Health: 0/43       AC: 22    Str: 13    XL:     4   Next: 59%
Magic:  4/4        EV:  2    Int: 12    God:
Gold:   138        SH:  0    Dex: 13    Spells: 3/3 levels left

rFire   . .          .
                       - Unarmed
rCold   . . .        (no shield)
rNeg    . . .        (helmet currently unavailable)
rPois   +            e - amulet of regeneration
rElec   .            p - ring of flight
rCorr   .            (no ring)
SInv    .            (no ring)
Will    .....        (no ring)
Stlth   +            (no ring)
HPRegen 1.07/turn    (no ring)
MPRegen 0.09/turn    (no ring)
                     (no ring)

%: no passive effects
@: tree-form
A: stationary, stasis, torment immunity, boosted hp, almost no armour,
(amphibious), 8 rings, (camouflage 1), (gelatinous body 1), (nimble swimmer 1),
(tentacles)
a: no special abilities


You were on level 3 of the Dungeon.
You were a tree.
You visited 1 branch of the dungeon, and saw 3 of its levels.

You collected 138 gold pieces.

Inventory:

Hand Weapons
 a - a +0 sling of draining
Jewellery
 d - a ring of ice
 e - an amulet of regeneration (around neck)
 p - a ring of flight (left branch)
Talismans
 b - a beast talisman
 c - a flux talisman
Wands
 j - a wand of quicksilver (11)
Scrolls
 g - a scroll of silence {unknown}
 h - 2 scrolls of identify {unknown}
 m - a scroll of fear {unknown}
 o - a scroll of enchant armour {unknown}
 q - a scroll of vulnerability {unknown}
Potions
 f - 5 potions of curing {unknown}
 i - 3 potions of might {unknown}
 l - a potion of heal wounds {unknown}
 n - 3 potions of brilliance {unknown}


   Skills:
 + Level 2.1 Fighting
 - Level 2.0 Dodging
 + Level 3.5 Unarmed Combat
 + Level 1.0 Evocations
 * Level 4.0 Shapeshifting


You had 3 spell levels left.
You didn't know any spells.
Your spell library was empty.

Dungeon Overview and Level Annotations

Branches:
Dungeon (3/15)

Altars:

Annotations:
D:3 Grinder


Innate Abilities, Weirdness & Mutations

You are a tree.
Your roots penetrate the ground, keeping you stationary.
You cannot be teleported.
You are immune to unholy pain and torment.
Your maximum health is greatly increased.
You cannot wear most types of armour.
((You are amphibious.))
You can wear up to eight rings at the same time.
((Your skin changes colour to match your surroundings (Stealth+).))
((Your rubbery body absorbs attacks. (AC +1, EV +1)))
((You are camouflaged when in or above water. (Stealth+)))
((You have tentacles for arms and can constrict up to eight enemies at once.))


Message History

You bludgeon the hobgoblin!
You kill the hobgoblin!
Your Evocations skill increases to level 1!
You bludgeon the goblin!
You kill the goblin!
You tentacle-slap the goblin. Your grab misses the goblin.
Your squeeze misses the goblin.
The goblin is moderately wounded.
The goblin hits you with a +0 club. Grinder gestures at you.
You suddenly lose the ability to move!
The goblin hits you with a +0 club. The goblin hits you but does no damage.
The goblin hits you with a +0 club. Grinder hits you.
You writhe in agony.
The goblin hits you but does no damage. Grinder hits you but does no damage.
You can move again.
Unknown command.
You closely miss Grinder. You grab Grinder.
You constrict Grinder, but do no damage.
The goblin hits you with a +0 club.
Grinder blinks free!
Unknown command.
You completely miss Grinder. You grab Grinder. You squeeze Grinder.
Grinder is lightly wounded.
You constrict Grinder. The goblin closely misses you. Grinder hits you.
* * * LOW HITPOINT WARNING * * *
You writhe in agony.
* * * LOW HITPOINT WARNING * * *
Unknown command.
Your transformation has ended.
You turn into a tree.
Your roots penetrate the ground.
You lose your grip on Grinder.
The goblin hits you but does no damage. Grinder hits you but does no damage.
You smack the goblin!
You kill the goblin!
Grinder hits you but does no damage.
You completely miss Grinder.
Grinder is lightly wounded.
Grinder hits you!
You die...
Grinder says, "Now the real fun starts!"

..###........###.........g..
.............##..#..........#
....#..)†.......##..........#
.##...<.......5(...........#
#....########........%.......
##..# #..>.#)gg.g........##
#.. #..###.)K#....... #. #.
#..)###..#g... #. #.##♣(..##
... #. #..#5.#### # .?
......## . #..#### ...# .##


You could see Grinder.

Vanquished Creatures
  Robin (D:3)
  2 adders (D:3)
  A dart slug (D:2)
  6 ball pythons
  3 bats
  4 endoplasms
  3 giant cockroaches
  11 goblins
  6 hobgoblins
  4 jackals (D:1)
  3 kobolds
  3 quokkas
  3 frilled lizards
  5 rats
55 creatures vanquished.

Notes
Turn   | Place    | Note
-------+----------+-------------------------------------------
     0 | D:1      | LeprechaunX the Octopode Shapeshifter began the quest for
                  | the Orb.
     0 | D:1      | Reached XP level 1. HP: 13/13 MP: 1/1
    98 | D:1      | Reached XP level 2. HP: 1/18 MP: 2/2
   538 | D:1      | Reached XP level 3. HP: 23/23 MP: 3/3
   621 | D:1      | Found a faded altar of an unknown god.
  1212 | D:3      | Noticed Robin
  1249 | D:3      | Noticed Grinder
  1274 | D:3      | Reached XP level 4. HP: 27/29 MP: 4/4
  1327 | D:3      | Killed Robin
  1328 | D:3      | Reached skill level 4 in Shapeshifting
  1330 | D:3      | Reached skill level 1 in Evocations
  1331 | D:3      | Paralysed by Grinder for 4 turns
  1340 | D:3      | Slain by Grinder

Illustrated notes

Levels and vault maps discovered:
D:1:      amcnicky_arrival_choice, layout_loops_ring,
          hellmonk_ecumenical_altar_leap_of_faith
D:2:      kennysheep_big_flooded_room, layout_rooms
D:3:      layout_rooms, minitemple, biasface_ghost_orc_armoury, uniq_robin,
          uniq_terence, uniq_grinder

Skill      XL: |  1  2  3  4 |
---------------+-------------+-----
Fighting       | 2 |  2.1
Shapeshifting  | 4 |  4.0
Evocations     | 1 |  1.0
Dodging        | |  2.0
Unarmed Combat | |  3.5

Action                     |  1- 3 |  4- 6 || total
---------------------------+-------+-------++-------
  Melee: Unarmed           |    74 |    25 ||    99
         Constrict         |    24 |     7 ||    31
         Tentacles         |    10 |     4 ||    14
         Punch             |     1 |       ||     1
    Use: Potion            |       |     1 ||     1
   Stab: Sleeping          |     6 |       ||     6
 Armour: Skin              |    20 |    20 ||    40
  Dodge: Dodged            |    38 |    13 ||    51

Table legend: (Time is in decaauts)
 A = Elapsed time spent in this place.
 B = Non-inter-level travel time spent in this place.
 C = Inter-level travel time spent in this place.
 D = Time resting spent in this place.
 E = Time spent auto-exploring this place.
 F = Levels seen in this place.
 G = Mean time per level.
                   A        B        C        D        E       F      G
               +--------+--------+--------+--------+--------+-----+--------+
         Total |   1333 |   1227 |    106 |     66 |    855 |   3 |  444.3 |
       Dungeon |   1333 |   1227 |    106 |     66 |    855 |   3 |  444.3 |
               +--------+--------+--------+--------+--------+-----+--------+

Top non-repeatable levels by time:
     D:1: 851 daAuts
     D:2: 384 daAuts
     D:3: 97 daAuts
